 Dungeon Crawl Stone Soup version 0.22-a0-322-g60b3cfd (webtiles) character file.

83 Amnesiac the Gusty (level 4, -2/24 HPs)
             Began as a Tengu Air Elementalist on Apr 3, 2018.
             Slain by Natasha (8 damage)
             ... on level 2 of the Dungeon.
             The game lasted 00:01:44 (1414 turns).

Amnesiac the Gusty (Tengu Air Elementalist)         Turns: 1414, Time: 00:01:45

Health: -2/24      AC:  2    Str:  8    XL:     4   Next: 44%
Magic:  5/9        EV: 13    Int: 16    God:
Gold:   99         SH:  0    Dex: 15    Spells: 1/8 levels left

rFire    . . .     SeeInvis .   i - +1 whip (elec)
rCold    . . .     Gourm    .   (no shield)
rNeg     . . .     Faith    .   a - +0 robe
rPois    .         Spirit   .   (helmet restricted)
rElec    .         Reflect  .   (no cloak)
rCorr    .         Harm     .   (no gloves)
MR       .....                  (boots unavailable)
Stlth    ++........             (no amulet)
HPRegen  0.08/turn              (no ring)
MPRegen  0.11/turn              (no ring)

@: no status effects
A: beak, talons 3
a: no special abilities


You were on level 2 of the Dungeon.
You were not hungry.

You visited 1 branch of the dungeon, and saw 2 of its levels.

You collected 99 gold pieces.

Inventory:

Hand Weapons
 i - a +1 whip of electrocution (weapon)
Missiles
 d - 28 poisoned needles
Armour
 a - a +0 robe (worn)
Jewellery
 j - an uncursed ring of protection from cold {unknown}
Scrolls
 b - a scroll of enchant armour {!r, unknown}
 e - 5 scrolls of remove curse {!r, unknown}
 f - 3 scrolls of identify {!r, unknown}
 g - a scroll of fear {!r, unknown}
 h - 2 scrolls of fog {!r, unknown}
 k - a scroll of immolation {!r, unknown}
 l - a scroll of teleportation {!r, unknown}
Comestibles
 c - 7 rations
 m - a chunk of flesh


   Skills:
 - Level 2.1 Dodging
 - Level 2.0 Stealth
 + Level 2.8 Spellcasting
 - Level 1.3 Conjurations
 * Level 6.0 Air Magic


You had one spell level left.
You knew the following spells:

 Your Spells              Type           Power        Failure   Level  Hunger
a - Shock                 Conj/Air       ##..         4%          1    #......
d - Airstrike             Air            ###.......   16%         4    #####..
z - Swiftness             Chrm/Air       ##......     9%          2    ##.....


Dungeon Overview and Level Annotations

Branches:
Dungeon (2/15)

Altars:

Annotations:
D:2 Natasha, Sigmund


Innate Abilities, Weirdness & Mutations

You have a beak for a mouth.
You have claws for feet.


Message History

The kobold hits you but does no damage.
You hit the kobold. Lightning courses through the kobold!
You kill the kobold!
The kobold throws a stone.
The stone closely misses you.
You start resting.
The kobold throws a stone.
The stone misses you.
Sigmund the Dreaded comes into view.
He is wielding a scythe.
You see here a stone.
The kobold throws a stone.
The stone hits you but does no damage.
You see here a stone.
You see here a stone.
The kobold throws a stone.
The stone barely misses you.
The kobold throws a stone.
The stone closely misses you.
You completely miss the kobold. The kobold barely misses you.
You hit the kobold. Lightning courses through the kobold!
You kill the kobold!
No target in view!
No target in view!
This spell is slightly dangerous to cast.
Memorise Airstrike, consuming 4 spell levels and leaving 1?
You start memorising the spell.
You continue memorising. x3
HP restored.
You continue memorising.
You finish memorising.
Spell assigned to 'd'.
e - 4 scrolls labeled FEEMIS JEQE {!r} (gained 2)
l - a scroll labeled COPYMN FIER {!r}
e - 5 scrolls labeled FEEMIS JEQE {!r} (gained 1)
Found a whip.
Found a leather armour.
Found a stone staircase leading down.
A bat comes into view.
A bat is nearby!
The bat barely misses you. The bat hits you.
You hit the bat. Lightning courses through the bat!
You kill the bat!
No target in view!
No target in view!
No target in view!
You butcher the bat corpse.
m - a chunk of flesh Natasha, Servant of Life and Death comes into view.
Natasha claws you!
You barely miss Natasha. You peck Natasha.
Natasha is lightly wounded.
Natasha claws you!
* * * LOW HITPOINT WARNING * * *
Natasha is nearby!
You are too injured to fight recklessly!
You are too injured to fight recklessly!
You are too injured to fight recklessly!
Casting: Shock (safe; 4% risk of failure)
Confirm with . or Enter, or press ? or * to list all spells.
Aiming: Shock (safe; 4% risk of failure)
Press: ? - help, Shift-Dir - straight line
Okay, then.
Casting: Shock (safe; 4% risk of failure)
Confirm with . or Enter, or press ? or * to list all spells.
Aiming: Airstrike (slightly dangerous; 16% risk of failure)
Press: ? - help, Dir - move target cursor, f - Natasha
Aim: Natasha (lightly wounded)
The air twists around and strikes Natasha!
Natasha is heavily wounded.
Natasha claws you!
You die...

#.# ##)#...
########.##...##### #.#
...............##........
#.#
[####>...................
#.# .# #....####.........#
##.###### #.#.#
#.##.#....# #.......####
#.#.# #.#........
#######....# #.#.#
#(#..#....#
#....###.#h#####(#).#....#
#........@...##..(..##...#
##...###.#.......#........
#...# #.###.#...######.##
##### #.# #.#..(.........
##.###.#..####.####.
#......#..# #.# #.
#......#..# #.# #.
#......#..####.# #.
#......#.......# ##


You could see Natasha.

Vanquished Creatures
  Natasha (D:2)
  2 adders (D:2)
  A dart slug (D:1)
  A leopard gecko (D:1)
  2 giant cockroaches (D:1)
  3 goblins (D:1)
  10 hobgoblins (D:1)
  2 ball pythons (D:1)
  5 bats
  A frilled lizard (D:1)
  5 kobolds
  2 rats (D:1)
35 creatures vanquished.

Notes
Turn   | Place    | Note
-------+----------+-------------------------------------------
     0 | D:1      | Amnesiac the Tengu Air Elementalist began the quest for the Orb.
     0 | D:1      | Reached XP level 1. HP: 10/10 MP: 4/4
   153 | D:1      | Reached XP level 2. HP: 15/15 MP: 1/6
   157 | D:1      | Learned a level 2 spell: Swiftness
   660 | D:1      | Reached skill level 5 in Air Magic
   695 | D:1      | Reached XP level 3. HP: 17/19 MP: 7/7
  1223 | D:2      | Noticed Natasha
  1228 | D:2      | Killed Natasha
  1228 | D:2      | Reached skill level 6 in Air Magic
  1228 | D:2      | Reached XP level 4. HP: 18/24 MP: 9/9
  1303 | D:2      | Noticed Sigmund
  1321 | D:2      | Learned a level 4 spell: Airstrike
  1412 | D:2      | Noticed Natasha
  1414 | D:2      | Slain by Natasha

Vault maps used:
D:1:      nicolae_arrival_memento_mori
D:2:      uniq_sigmund, uniq_natasha

Skill      XL: |  1  2  3 |
---------------+----------+-----
Air Magic      | 5 6 |  6.0
Dodging        | |  2.1
Stealth        | |  2.0
Spellcasting   | |  2.8
Conjurations   | |  1.3

Action                   |  1- 3 |  4- 6 || total
-------------------------+-------+-------++-------
Melee: Unarmed           |     3 |       ||     3
       Whip              |    52 |     9 ||    61
       Kick              |    12 |       ||    12
       Peck              |     5 |     3 ||     8
 Cast: Shock             |    20 |     2 ||    22
       Airstrike         |       |     1 ||     1
 Stab: Sleeping          |     6 |       ||     6
  Eat: Chunk             |     1 |     1 ||     2
Armor: Robe              |     6 |     1 ||     7
Dodge: Dodged            |    34 |     8 ||    42

Table legend:
 A = Spawn XP
 B = Non-spawn XP
 C = Spawn XP percentage of total XP
 D = Spawn monster count
 E = Non-spawn monster count
 F = Spawn count percentage of total count
 G = Total turns spent on level
                    A         B        C        D         E        F      G
               +---------+---------+-------+---------+---------+-------+---------
         Total |       0 |     119 |   0.0 |       0 |      35 |   0.0 |  1414
               +---------+---------+-------+---------+---------+-------+---------
           D:1 |       0 |      52 |   0.0 |       0 |      28 |   0.0 |  1068
           D:2 |       0 |      67 |   0.0 |       0 |       7 |   0.0 |   346
               +---------+---------+-------+---------+---------+-------+---------
